 Dungeon Sprint DCSS version 0.19-a0-1920-g83281cb (webtiles) character file.

601 poirepourri the Fighter (level 7, -1/82 HPs)
             Began as a Minotaur Fighter on Oct 23, 2016.
             Was an Initiate of Makhleb.
             Slain by Sonja
             ... wielding a +0 dagger of distortion
              (2 damage)
             ... in the Dungeon (Sprint I: "Red Sonja").
             The game lasted 00:01:16 (966 turns).

poirepourri the Fighter (Minotaur Fighter)           Turns: 966, Time: 00:01:16

Health: -1/82      AC:  6    Str: 21    XL:     7   Next: 18%
Magic:  6/6        EV:  8    Int:  5    God:    Makhleb [......]
Gold:   405        SH:  9    Dex: 11    Spells: 0 memorised, 6 levels left

rFire  . . .     SeeInvis .     a - +0 war axe
rCold  . . .     Gourm    .     b - +0 scale mail
rNeg   . . .     Faith    .     c - +0 shield
rPois  .         Spirit   .     (helmet restricted)
rElec  .         Reflect  .     (no cloak)
rCorr  .         Harm     .     (no gloves)
MR     .....     NoTele   +     (no boots)
Stlth  ..........               (no amulet)
                                (no ring)
                                (no ring)

@: exhausted, slowed, very slow
A: retaliatory headbutt, horns 2
a: Renounce Religion


You were in the Dungeon.
You worshipped Makhleb.
Makhleb was noncommittal.
You were not hungry.

You visited 1 branch You collected 405 gold pieces.

Inventory:

Hand Weapons
 a - a +0 war axe (weapon)
Armour
 b - a +0 scale mail (worn)
 c - a +0 shield (worn)
Wands
 d - a wand of teleportation (2/9)
Scrolls
 k - a scroll of blinking
Potions
 h - a potion of haste
 i - 2 potions of magic
Books
 l - a book of Callings

   Spells                             Type                      Level
   a - Summon Small Mammal            Summoning                    1
   b - Call Imp                       Summoning                    2
   c - Call Canine Familiar           Summoning                    3
   d - Summon Guardian Golem          Hexes/Summoning              3
   e - Summon Lightning Spire         Summoning/Air                4
   f - Summon Ice Beast               Ice/Summoning                4
Comestibles
 f - 2 bread rations


   Skills:
 + Level 14.4 Fighting
 + Level 11.1 Axes
 - Level 3.6 Armour
 + Level 1.6 Dodging
 - Level 3.6 Shields


You had 6 spell levels left.
You didn't know any spells.

Dungeon Overview and Level Annotations

Branches:
Dungeon (1/1)

Altars:
Cheibriados
Dithmenos
Elyvilon
Fedhas
Gozag
Hepliaklqana
Kikubaaqudgha
Makhleb
Nemelex Xobeh
Okawaru
Qazlal
Ru
Sif Muna
Trog
Uskayaw
Vehumet
Xom
Yredelemnul
Zin
The Shining One
Jiyva
Lugonu

Shops:
D }

Annotations:
D Sonja


Innate Abilities, Weirdness & Mutations

You reflexively headbutt those who attack you in melee.
You have a pair of horns on your head.


Message History

You feel your anger subside.
Sonja shoots a curare-tipped needle.
The curare-tipped needle closely misses you.
You are no longer berserk.
You are exhausted.
You feel as though you will be slow longer.
Sonja shoots a curare-tipped needle.
You block the curare-tipped needle.
You see here a curare-tipped needle.
Sonja unwields an uncursed blowgun.
Sonja wields an uncursed dagger of distortion.
Its appearance distorts for a moment.
Sonja hits you but does no damage. Space bends around you.
* * * LOW HITPOINT WARNING * * *
Sonja hits you with an uncursed dagger of distortion.
* * * LOW HITPOINT WARNING * * *
Space warps horribly around you!
* * * LOW HITPOINT WARNING * * *
You block Sonja's attack.
Sonja hits you with an uncursed dagger of distortion.
You die...

######################
#<.#..').#..'..#__#..+
#..').#..').#..'..'..#
#..#####'#####'#__####
#..####..#...#(####
#..#__####K.##.#
#..#_____##@#..+
#⌠⌠#_.∩...'.(._#
####_..__##_.#'#
#_____###(#.#
#########.### +(.$+
#$.$# ##.## #+#


You could see Sonja.

Vanquished Creatures
  A slime creature (D)
  Sigmund (D)
  A yak (D)
  An ogre (D)
  A jelly (D)
  Ijyb (D)
6 creatures vanquished.

Notes
Turn   | Place    | Note
-------+----------+-------------------------------------------
     0 | D        | poirepourri the Minotaur Fighter began the quest for the Orb.
     0 | D        | Reached XP level 1. HP: 19/19 MP: 0/0
     2 | D        | Noticed Ijyb
    12 | D        | Killed Ijyb
    12 | D        | Reached skill level 6 in Fighting
    12 | D        | Reached XP level 2. HP: 31/31 MP: 1/1
   106 | D        | Noticed an ogre
   113 | D        | Killed an ogre
   113 | D        | Reached skill level 9 in Fighting
   113 | D        | Reached XP level 3. HP: 9/45 MP: 2/2
   113 | D        | Reached XP level 4. HP: 10/51 MP: 3/3
   362 | D        | Noticed Sigmund
   368 | D        | Killed Sigmund
   368 | D        | Reached skill level 12 in Fighting
   368 | D        | Reached XP level 5. HP: 36/63 MP: 4/4
   471 | D        | Found a deep blue altar of Sif Muna.
   500 | D        | Found a radiant altar of Vehumet.
   506 | D        | Reached XP level 6. HP: 45/71 MP: 5/5
   631 | D        | Found Plog's Gadget Emporium.
   631 | D        | Found an ancient bone altar of Kikubaaqudgha.
   631 | D        | Found a hazy altar of Hepliaklqana.
   631 | D        | Found a stormy altar of Qazlal.
   631 | D        | Found a hide-covered altar of Uskayaw.
   631 | D        | Found a blossoming altar of Fedhas.
   631 | D        | Found a bloodstained altar of Trog.
   631 | D        | Found an iron altar of Okawaru.
   631 | D        | Found a basalt altar of Yredelemnul.
   631 | D        | Found a glowing golden altar of the Shining One.
   631 | D        | Found a snail-covered altar of Cheibriados.
   631 | D        | Found a sacrificial altar of Ru.
   631 | D        | Found a glowing silver altar of Zin.
   631 | D        | Found a shadowy altar of Dithmenos.
   631 | D        | Found a white marble altar of Elyvilon.
   631 | D        | Noticed a yak
   640 | D        | Killed a yak
   640 | D        | Reached skill level 13 in Fighting
   640 | D        | Reached skill level 10 in Axes
   641 | D        | Found an opulent altar of Gozag.
   642 | D        | Found a sparkling altar of Nemelex Xobeh.
   743 | D        | Found a burning altar of Makhleb.
   743 | D        | Found a viscous altar of Jiyva.
   743 | D        | Found a shimmering altar of Xom.
   743 | D        | Found a corrupted altar of Lugonu.
   743 | D        | Noticed a slime creature
   753 | D        | Killed a slime creature
   753 | D        | Reached skill level 14 in Fighting
   753 | D        | Reached skill level 1 in Dodging
   753 | D        | Reached XP level 7. HP: 44/82 MP: 6/6
   756 | D        | Became a worshipper of Makhleb the Destroyer
   950 | D        | Noticed Sonja
   956 | D        | HP: 2/82 [Sonja/uncursed dagger of distortion (4)]
   966 | D        | HP: 1/82 [Sonja/uncursed dagger of distortion (13)]
   966 | D        | Slain by Sonja

Vault maps used:
D:        dungeon_sprint_1

Skill      XL: |  1  2  3  4  5  6 |
---------------+-------------------+-----
Fighting       | 6 9 12 14 | 14.4
Axes           | 3 6 8 11 | 11.1
Dodging        | 1 |  1.6
Armour         | |  3.6
Shields        | |  3.6

Action                   |  1- 3 |  4- 6 |  7- 9 || total
-------------------------+-------+-------+-------++-------
Melee: War axe           |    15 |    28 |     4 ||    47
       Headbutt          |     3 |     5 |       ||     8
  Use: Potion            |     1 |       |     4 ||     5
Armor: Scale mail        |     8 |     3 |     8 ||    19
Dodge: Dodged            |     3 |     6 |     6 ||    15
Block: Shield            |     4 |     7 |    18 ||    29
